 Dungeon Crawl Stone Soup version 0.28-a0-980-g3664467d6e (webtiles) character file.

Game seed: 7051713810693388164

413 Peloso the Covered (level 6, 0/53 HPs)
             Began as a Minotaur Fighter on Dec 2, 2021.
             Was an Initiate of Okawaru.
             Killed from afar by an orc wizard (5 damage)
             ... with a magic dart
             ... on level 4 of the Dungeon.
             The game lasted 00:07:10 (3779 turns).

Peloso the Covered (Minotaur Fighter)               Turns: 3779, Time: 00:07:10

Health: 0/53       AC: 15    Str: 20    XL:     6   Next: 59%
Magic:  5/5        EV:  6    Int:  5    God:    Okawaru [......]
Gold:   203        SH:  9    Dex: 12    Spells: 5/5 levels left

rFire   + . .      SeeInvis .   a - +0 long sword
rCold   + . .      Faith    .   c - +0 kite shield
rNeg    . . .      Spirit   .   o - +0 chain mail
rPois   +          Reflect  .   (helmet restricted)
rElec   +          Harm     .   n - +1 cloak {Stlth+}
rCorr   +          Rampage  .   d - +2 pair of gloves
Will    .....                   (no boots)
Stlth   ..........              (no amulet)
HPRegen 0.17/turn               j - ring of flight
MPRegen 0.09/turn               (no ring)

@: resistant, flying
A: horns 2, retaliatory headbutt
a: Renounce Religion


You were on level 4 of the Dungeon.
You worshipped Okawaru.
Okawaru was noncommittal.
You visited 2 branches of the dungeon, and saw 5 of its levels.

You collected 203 gold pieces.

Inventory:

Hand Weapons
 a - a +0 long sword (weapon)
Armour
 b - a +0 scale mail
 c - a +0 kite shield (worn)
 d - a +2 pair of gloves (worn)
 n - a +1 cloak of stealth (worn)
 o - a +0 chain mail (worn)
Jewellery
 j - a ring of flight (left hand)
Scrolls
 f - 2 scrolls of amnesia {unknown}
 g - a scroll of immolation {unknown}
 i - 4 scrolls of identify {unknown}
 p - a scroll of enchant armour {unknown}
 r - 2 scrolls of fear {unknown}
Potions
 e - a potion of lignification {unknown}
 k - a potion of resistance
 l - a potion of curing
 m - 2 potions of mutation {unknown}
 q - a potion of flight {unknown}


   Skills:
 + Level 4.7 Fighting
 + Level 5.2 Long Blades
 + Level 5.3 Armour
 + Level 1.5 Dodging
 + Level 0.5 Stealth
 + Level 5.2 Shields


You had 5 spell levels left.
You didn't know any spells.
Your spell library was empty.

Dungeon Overview and Level Annotations

Branches:
Dungeon (4/15)             Temple (1/1) D:4

Altars:
Cheibriados
Elyvilon
Fedhas
Gozag
Hepliaklqana
Kikubaaqudgha
Makhleb
Okawaru
Qazlal
Ru
Sif Muna
Trog
Uskayaw
Vehumet
Wu Jian
Xom
Yredelemnul
Zin


Innate Abilities, Weirdness & Mutations

You have a pair of horns on your head.
You reflexively headbutt those who attack you in melee.


Message History

You block the black bear's attack. The black bear barely misses you.
The black bear closely misses you.
Okay, then.
You hit the orc wizard but do no damage.
The orc wizard is moderately wounded.
An orc wizard appears from thin air!
Reactivating autopickup.
You block the adder's attack. x2
The orc wizard hits you but does no damage. x2
The black bear completely misses you. You furiously retaliate!
You headbutt the black bear! You block the black bear's attack.
The black bear claws you.
* * * LOW HITPOINT WARNING * * *
You closely miss the orc wizard.
You headbutt the orc wizard, but do no damage.
The orc wizard is moderately wounded.
The adder completely misses you. You furiously retaliate!
You headbutt the adder!
You kill the adder!
Okawaru accepts your kill. You block the orc wizard's attack. x2
The black bear bites you but does no damage.
The black bear claws you but does no damage. x2
You block the orc wizard's attack.
The black bear bites you but does no damage.
The black bear claws you but does no damage. x2
The orc wizard hits you but does no damage.
Items here: )))) [ †††.
The black bear bites you but does no damage.
The black bear claws you but does no damage.
The black bear barely misses you.
The orc wizard gestures wildly while chanting.
The orc wizard flickers and vanishes!
Deactivating autopickup; reactivate with Ctrl-A.
The orc wizard hits you but does no damage.
The orc wizard casts a spell.
The orc wizard flickers and vanishes!
A magic dart appears from out of thin air!
The magic dart hits you.
You die...

#....#........
##....#........
#.....#.......
#...##......#
#<..##.{....#
#.).##h{....# ..
#.†.###....##. ..
##...##....#... #.
###)###@....... #.
#.+_'.#....#... ##.
#.#+#.....###.. ##..
#.<.......# # ###...
#.........# .....#.....
#.........##......#.#...
##.#......##......#.#...
#.#......##........#...
#.#......###.......#...


You could see a black bear.

Vanquished Creatures
  Grinder (D:3)
  A scorpion (D:4)
  An orc priest (D:4)
  Crazy Yiuf (D:2)
  2 adders
  An adder skeleton (D:4)
  9 dart slugs
  8 orcs
  4 ball pythons
  4 endoplasms
  3 giant cockroaches
  6 hobgoblins
  5 kobolds
  5 quokkas
  A bat (D:3)
  4 frilled lizards
  5 goblins
  11 rats
72 creatures vanquished.

Vanquished Creatures (others)
  8 toadstools (D:4)
8 creatures vanquished.

Grand Total: 80 creatures vanquished

Notes
Turn   | Place    | Note
-------+----------+-------------------------------------------
     0 | D:1      | Peloso the Minotaur Fighter began the quest for the Orb.
     0 | D:1      | Reached XP level 1. HP: 19/19 MP: 0/0
    85 | D:1      | Reached XP level 2. HP: 16/27 MP: 1/1
   698 | D:1      | Found a faded altar of an unknown god.
  1362 | D:2      | Reached XP level 3. HP: 29/33 MP: 2/2
  2183 | D:2      | Found a runed translucent door.
  2184 | D:2      | Noticed Crazy Yiuf
  2355 | D:2      | Killed Crazy Yiuf
  2356 | D:2      | Reached XP level 4. HP: 16/40 MP: 0/3
  3130 | D:3      | Noticed Grinder
  3135 | D:3      | Killed Grinder
  3136 | D:3      | Reached skill level 5 in Armour
  3136 | D:3      | Reached skill level 1 in Dodging
  3136 | D:3      | Reached skill level 5 in Shields
  3136 | D:3      | Reached XP level 5. HP: 47/47 MP: 4/4
  3136 | D:3      | Reached XP level 6. HP: 53/53 MP: 5/5
  3458 | D:4      | Reached skill level 5 in Long Blades
  3467 | D:4      | Found a staircase to the Ecumenical Temple.
  3489 | Temple   | Entered the Ecumenical Temple
  3522 | Temple   | Became a worshipper of Warmaster Okawaru
  3722 | D:4      | Found a white marble altar of Elyvilon.
  3764 | D:4      | HP: 2/53 [black bear (2)]
  3779 | D:4      | Killed from afar by an orc wizard

Illustrated notes

Levels and vault maps discovered:
D:1:      eino_arrival_cavern_a, layout_loops_corners,
          shapermc_ecumenical_altar_acropolis, minmay_hedge_maze,
          minmay_misc_feat_hallway, minmay_ruptured
D:2:      layout_basic, minmay_rat_gold_closets, uniq_crazy_yiuf_cottage
D:3:      kennysheep_slugbush, layout_loops_ring,
          minmay_fractal_squares_diagonal_5, uniq_grinder
D:4:      cheibrodos_fertilizer, layout_basic, marbit_many_paths,
          kennysheep_mini, minmay_temple_entry_stoned_glass, minivault_26
Temple:   bh_familiar_temple

Skill      XL: |  1  2  3  4  5  6 |
---------------+-------------------+-----
Armour         | 4 5 |  5.3
Shields        | 4 5 |  5.2
Fighting       | 4 |  4.7
Long Blades    | 3 4 5 |  5.2
Dodging        | 1 |  1.5
Stealth        | |  0.5

Action                   |  1- 3 |  4- 6 || total
-------------------------+-------+-------++-------
Melee: Long sword        |    81 |    96 ||   177
       Headbutt          |    11 |    14 ||    25
  Use: Potion            |     1 |     5 ||     6
Armor: Scale mail        |    31 |    18 ||    49
       Chain mail        |       |   139 ||   139
Dodge: Dodged            |    34 |    59 ||    93
Block: Buckler           |     6 |       ||     6
       Kite shield       |     9 |    72 ||    81

Table legend: (Time is in decaauts)
 A = Elapsed time spent in this place.
 B = Non-inter-level travel time spent in this place.
 C = Inter-level travel time spent in this place.
 D = Time resting spent in this place.
 E = Time spent auto-exploring this place.
 F = Levels seen in this place.
 G = Mean time per level.
                   A        B        C        D        E       F      G
               +--------+--------+--------+--------+--------+-----+--------+
         Total |   3855 |   3698 |    157 |      0 |   2933 |   5 |  771.0 |
       Dungeon |   3670 |   3513 |    157 |      0 |   2777 |   4 |  917.5 |
        Temple |    185 |    185 |      0 |      0 |    156 |   1 |  185.0 |
               +--------+--------+--------+--------+--------+-----+--------+

Top non-repeatable levels by time:
     D:2: 1399 daAuts
     D:1: 1208 daAuts
     D:3: 835 daAuts
     D:4: 226 daAuts
  Temple: 185 daAuts
